 Dungeon Crawl Stone Soup version 0.25-a0-707-g603da076d2 (webtiles) character file.

Game seed: 4213523287493400166, levelgen mode: deterministic

4 sanka the Scratcher (level 1, -2/9 HPs)
             Began as a Felid Wanderer on Apr 4, 2020.
             Slain by a leopard gecko (5 damage)
             ... on level 1 of the Dungeon.
             The game lasted 00:00:18 (30 turns).

sanka the Scratcher (Felid Wanderer)                  Turns: 30, Time: 00:00:19

Health: -2/9       AC:  1    Str: 10    XL:     1   Next: 58%
Magic:  3/3        EV: 15    Int: 13    God:
Gold:   0          SH:  0    Dex: 13    Spells: 2/2 levels left
                                        Lives:  0   Deaths: 0

rFire    . . .     SeeInvis +     - Unarmed
rCold    . . .     Gourm    .   (shield unavailable)
rNeg     . . .     Faith    .   (armour unavailable)
rPois    .         Spirit   .   (helmet unavailable)
rElec    .         Reflect  .   (cloak unavailable)
rCorr    .         Harm     .   (gloves unavailable)
MR       .....                  (boots unavailable)
Stlth    ++........             (no amulet)
HPRegen  0.03/turn              (no ring)
MPRegen  0.08/turn              (no ring)

@: quick
A: very small, no armour, no weapons or thrown items, stealth, claws 1, fangs 3,
see invisible, carnivore, speed 1, shaggy fur 1, slow metabolism 1, sharp paws
a: no special abilities


You were on level 1 of the Dungeon.
You were not hungry.

You visited 1 branch of the dungeon, and saw 1 of its levels.


Innate Abilities, Weirdness & Mutations

You cannot wear armour.
You are incapable of wielding weapons or throwing items.
Your paws allow you to move quietly. (Stealth)
You have sharp claws.
You have razor-sharp teeth.
You have supernaturally acute eyesight. (SInv)
You are carnivorous and can eat meat at any time.
You cover ground quickly.
You are covered in fur. (AC +1)
You have a slow metabolism.
Your sharp claws are effective at attacking unaware monsters.


   Skills:
 - Level 2.0 Fighting
 - Level 1.3 Stealth
 + Level 3.3 Unarmed Combat
 - Level 1.0 Spellcasting
   Level 1.0 Necromancy
   Level 1.0 Earth Magic
   Level 1.1 Evocations


You had 2 spell levels left.
You didn't know any spells.
Your spell library contained the following spells:

 Spells                   Type           Power        Failure   Level  Hunger
 Sublimation of Blood     Necr           #.........   28%         2    ###....
 Corpse Rot               Necr/Air       N/A          34%         2    ###....

Inventory:

Scrolls
 d - a scroll of teleportation {unknown}
Potions
 a - a potion of berserk rage {!q}
 b - a potion of haste {@q3}
 c - a potion of curing {@q1}
Comestibles
 f - a ration

Dungeon Overview and Level Annotations

Branches:
Dungeon (1/15)

Altars:

♣♣♣♣♣♣♣♣♣ ♣ ♣♣
♣<.♣..♣.♣♣.
♣...
♣♣..♣♣.♣♣.♣♣...
♣..♣♣.♣.♣...♣
♣.♣.♣.♣♣♣l♣ ♣♣
♣.♣.†h♣..♣
♣♣♣♣♣♣.♣...♣
♣.♣..♣ ♣♣....
♣... ♣.. ♣.


You could see a leopard gecko.


Message History

The leopard gecko bites you but does no damage.
You miss the leopard gecko.
The leopard gecko is moderately wounded.
The leopard gecko bites you. The leopard gecko misses you.
You claw the leopard gecko!
You kill the leopard gecko!
The leopard gecko bites you.
* * * LOW HITPOINT WARNING * * *
The goblin closely misses you.
You closely miss the goblin. Your claw misses the goblin.
The leopard gecko closely misses you. The goblin closely misses you.
The leopard gecko misses you.
Unknown command.
You barely miss the goblin. The goblin barely misses you.
You barely miss the goblin. The goblin barely misses you.
You barely miss the goblin. You bite the goblin.
The goblin is severely wounded.
The goblin misses you.
You scratch the goblin.
You kill the goblin!
You closely miss the leopard gecko. The leopard gecko bites you.
Ouch! That really hurt!
You die...

Action                   || total
-------------------------++-------
Melee: Unarmed           ||    14
       Bite              ||     1
Armor: Skin              ||     1
Dodge: Dodged            ||    11

Levels and vault maps discovered:
D:1:      erik_arrival_cave_to_civilisation [erik_arrival_cave_to_temple],
          layout_loops_ring

Notes
Turn   | Place    | Note
-------+----------+-------------------------------------------
     0 | D:1      | sanka the Felid Wanderer began the quest for the Orb.
     0 | D:1      | sanka set off with the following items: a potion of berserk
                  | rage {!q}, a potion of haste {@q3}, a potion of curing
                  | {@q1}, a ration; and the following spells available to
                  | memorise: Sublimation of Blood, Corpse Rot
     0 | D:1      | Reached XP level 1. HP: 9/9 MP: 3/3
    30 | D:1      | Slain by a leopard gecko

Vanquished Creatures
  A leopard gecko (D:1)
  A giant cockroach (D:1)
  A goblin (D:1)
3 creatures vanquished.
